 Dungeon Crawl Stone Soup version 0.30-a0-743-gbfdf073431 (webtiles) character file.

Game seed: 13729197498459935006

1 retardedninja the Ducker (level 1, -2/10 HPs)
             Began as a Felid Berserker on Feb 6, 2023.
             Was a Follower of Trog.
             Slain by a kobold
             ... wielding a +0 whip
              (4 damage)
             ... on level 1 of the Dungeon.
             The game lasted 00:00:05 (41 turns).

retardedninja the Ducker (Felid Berserker)            Turns: 41, Time: 00:00:05

Health: -2/10      AC:  1    Str: 13    XL:     1   Next: 16%
Magic:  2/2        EV: 18    Int:  8    God:    Trog [*.....]
Gold:   0          SH:  0    Dex: 15    Spells: 0/0 levels left
                                        Lives:  0   Deaths: 0

rFire   . . .      SeeInvis +      - Unarmed
rCold   . . .      Faith    .    (shield unavailable)
rNeg    . . .      Spirit   .    (body armour unavailable)
rPois   .          Reflect  .    (helmet unavailable)
rElec   .          Harm     .    (cloak unavailable)
rCorr   .          Rampage  .    (gloves unavailable)
Will    .....                    (boots unavailable)
Stlth   +                        (no amulet)
HPRegen 0.21/turn                (no ring)
MPRegen 0.08/turn                (no ring)

@: quick
A: very small, claws 1, fangs 3, see invisible, speed 1, shaggy fur 1, stealthy
paws, no weapons or thrown items, no armour, multi-lived
a: Renounce Religion, Berserk


You were on level 1 of the Dungeon.
You worshipped Trog.
Trog was aware of your devotion.
You visited 1 branch of the dungeon, and saw 1 of its levels.

You aren't carrying anything.


   Skills:
 + Level 3.0 Fighting
 + Level 4.0 Dodging
 + Level 3.0 Unarmed Combat


You couldn't memorise any spells.
You didn't know any spells.
Your spell library was empty.

Dungeon Overview and Level Annotations

Branches:
Dungeon (1/15)

Altars:


Innate Abilities, Weirdness & Mutations

You have sharp claws.
You have razor-sharp teeth.
You have supernaturally acute eyesight. (SInv)
You cover ground quickly. (Speed+)
You are covered in fur. (AC +1)
Your paws help you pounce on unaware monsters.
You are incapable of wielding weapons or throwing items.
You cannot wear armour.
You gain extra lives every three experience levels.


Message History

There is an open door here.
A goblin comes into view. It is wielding a +0 club.
A goblin is nearby!
A goblin is nearby!
You scratch the goblin.
The goblin is moderately wounded.
The goblin misses you.
You barely miss the goblin. Your bite misses the goblin.
The goblin is moderately wounded.
The goblin closely misses you.
You scratch the goblin.
You kill the goblin!
Trog accepts your kill.
Things that are here:
a +0 club; a goblin corpse A kobold comes into view.
It is wielding a +0 whip.
The kobold shouts!
You hear a shout!
The kobold throws a stone.
The stone misses you.
A kobold is nearby!
A kobold is nearby!
You closely miss the kobold. The kobold barely misses you.
A goblin comes into view. It is wielding a +0 club.
There are monsters nearby!
You closely miss the kobold. The kobold hits you with a +0 whip.
There are monsters nearby!
You scratch the kobold but do no damage.
The kobold hits you with a +0 whip.
You are too injured to fight recklessly!
You are too injured to fight recklessly!
You are too injured to fight recklessly!
You closely miss the kobold. The kobold closely misses you.
You closely miss the kobold. The kobold misses you.
You scratch the kobold.
The kobold is moderately wounded.
The kobold hits you with a +0 whip.
* * * LOW HITPOINT WARNING * * *
You closely miss the kobold. Your bite misses the kobold.
The kobold is moderately wounded.
The kobold hits you with a +0 whip.
You die...

..'................
####.##...#####...#
#.##...##......
#.##......##..#
#.###..#####..# #.#
#..# #..#
#.###.)#####..#
#.............#
#############@# #K#
#g# #.# ... ... ...
....#


You could see a goblin and a kobold.

Vanquished Creatures
  A goblin (D:1)
1 creature vanquished.

Notes
Turn   | Place    | Note
-------+----------+-------------------------------------------
     0 | D:1      | retardedninja the Felid Berserker began the quest for the
                  | Orb.
     0 | D:1      | Reached XP level 1. HP: 10/10 MP: 2/2
    41 | D:1      | Slain by a kobold

Illustrated notes

Levels and vault maps discovered:
D:1:      shiori_shiawase, layout_loops_corners,
          hellmonk_ecumenical_altar_lost_god

Action                     || total
---------------------------++-------
  Melee: Unarmed           ||    10
  Dodge: Dodged            ||     6

Table legend: (Time is in decaauts)
 A = Elapsed time spent in this place.
 B = Non-inter-level travel time spent in this place.
 C = Inter-level travel time spent in this place.
 D = Time resting spent in this place.
 E = Time spent auto-exploring this place.
 F = Levels seen in this place.
 G = Mean time per level.
                   A        B        C        D        E       F      G
               +--------+--------+--------+--------+--------+-----+--------+
         Total |     34 |     34 |      0 |      0 |     20 |   1 |   34.0 |
       Dungeon |     34 |     34 |      0 |      0 |     20 |   1 |   34.0 |
               +--------+--------+--------+--------+--------+-----+--------+

Top non-repeatable levels by time:
     D:1: 34 daAuts
